 Dungeon Crawl Stone Soup version 0.18.1-48-g4cf74bf (webtiles) character file.

25 sarahorange the Grave Robber (level 2, -1/19 HPs)
             Began as a Demonspawn Necromancer on July 19, 2016.
             Slain by a gnoll
             ... wielding a +0 spear
              (8 damage)
             ... on level 1 of the Dungeon.
             The game lasted 00:08:41 (1569 turns).

sarahorange the Grave Robber (DsNe)                 Turns: 1569, Time: 00:08:41

Health: -1/19      AC:  2    Str:  8    XL:     2   Next: 82%
Magic:  0/5        EV:  7    Int: 16    God:
Gold:   73         SH:  0    Dex: 13    Spells: 2 memorised, 3 levels left

rFire  . . .     SeeInvis .     d - +0 short sword
rCold  . . .     Gourm    .     a - +0 robe
rNeg   . . .     Faith    .     (no shield)
rPois  .         Spirit   +     (no helmet)
rElec  .         Dismiss  .     (no cloak)
rCorr  .         Reflect  .     (no gloves)
SustAt .         Harm     .     (no boots)
MR     .....                    (no amulet)
Stlth  ++........               (no ring)
                                (no ring)

@: not resistant to hostile enchantments, unstealthy
A: magic shield
a: no special abilities


You were on level 1 of the Dungeon.
You were hungry.

You visited 1 branch of the dungeon, and saw 1 of its levels.

You collected 73 gold pieces.

Inventory:

Hand Weapons
 d - a +0 short sword (weapon)
Missiles
 f - 13 poisoned needles
Armour
 a - a +0 robe (worn)
Jewellery
 j - a +3 amulet of reflection {unknown}
Scrolls
 e - a scroll of teleportation {unknown}
 g - 4 scrolls of recharging {unknown}
 i - a scroll of blinking {unknown}
 k - a scroll of identify {unknown}
Potions
 h - a potion of curing {unknown}
 l - a potion of resistance {unknown}
 m - a potion of agility {unknown}
Books
 b - a book of Necromancy

   Spells                             Type                      Level
   a - Pain                           Necromancy                   1
   b - Animate Skeleton               Necromancy                   1
   c - Vampiric Draining              Necromancy                   3
   d - Regeneration                   Charms/Necromancy            3
   e - Animate Dead                   Necromancy                   4
   f - Control Undead                 Necromancy                   4
Comestibles
 c - a bread ration


   Skills:
 + Level 0.2 Fighting
 + Level 1.9 Dodging
 + Level 1.9 Stealth
 * Level 2.2 Spellcasting
 * Level 5.0 Necromancy


You had 3 spell levels left.
You knew the following spells:

 Your Spells              Type           Power        Failure   Level  Hunger
a - Pain                  Necr           ###.         2%          1    #......
b - Animate Skeleton      Necr           N/A          2%          1    #......


Dungeon Overview and Level Annotations

Branches:
Dungeon (1/15)

Altars:


Innate Abilities, Weirdness & Mutations

When hurt, damage is shared between your health and your magic reserves.


Message History

* * * LOW HITPOINT WARNING * * *
The gnoll hits you from afar with a spear.
* * * LOW HITPOINT WARNING * * *
You see here a club.
All of the chunks of flesh in your inventory have rotted away.
The gnoll closely misses you.
Casting: Pain
Confirm with . or Enter, or press ? or * to list all spells.
Aiming: Pain
Press: ? - help, Shift-Dir - straight line, f - gnoll
Aim: a gnoll, wielding a spear (chance to defeat MR: 82%)
The gnoll convulses in agony!
A worm comes into view.
You are feeling hungry.
A hobgoblin comes into view.
The hobgoblin moves out of view.
The hobgoblin shouts!
There is a stone staircase leading down here.
The gnoll hits you from afar with a spear!
You die...

############....#.......#.#
#..............#
#....#.......#.#
#...(....>.....#
############....#.......#.#
..........................#
###........g....#.#.#.#.#.#
#.........)...#..+........#
................@.#########
#.##########..#...#
....#.........#.g.#
..#.#.#####)#.#...#
..........#.#.#...#
........#...#.#...#
#######....##.#...#
......#...........######
......#....###.#.......#


You could see a gnoll and a hobgoblin.

Vanquished Creatures
  2 dart slugs (D:1)
  A giant cockroach (D:1)
  3 goblins (D:1)
  3 hobgoblins (D:1)
  A jackal (D:1)
  3 bats (D:1)
  2 giant newts (D:1)
  2 kobolds (D:1)
  3 rats (D:1)
20 creatures vanquished.

Notes
Turn   | Place    | Note
--------------------------------------------------------------
     0 | D:1      | sarahorange the Demonspawn Necromancer began the quest for the Orb.
     0 | D:1      | Reached XP level 1. HP: 13/13 MP: 3/3
   426 | D:1      | Gained mutation: When hurt, damage is shared between your health and your magic reserves. [demonic ancestry]
   426 | D:1      | Reached XP level 2. HP: 11/19 MP: 0/5
   550 | D:1      | Learned a level 1 spell: Animate Skeleton
  1294 | D:1      | Reached skill level 5 in Necromancy
  1569 | D:1      | Slain by a gnoll

Skill      XL: |  1  2 |
---------------+-------+-----
Necromancy     | 5 |  5.0
Fighting       | |  0.2
Dodging        | |  1.9
Stealth        | |  1.9
Spellcasting   | |  2.2

Action                   || total
-------------------------++-------
Melee: Unarmed           ||    13
       Short sword       ||    14
 Cast: Pain              ||    33
       Animate Skeleton  ||     2
  Eat: Chunk             ||     2
Armor: Robe              ||     5
Dodge: Dodged            ||    21
